 Dungeon Crawl Stone Soup version 0.28.0 (webtiles) character file.

Game seed: 13285574499923606975

3698 SnakkuSnakku7 the Protected (level 9, -11/81 HPs)
             Began as a Minotaur Fighter on Feb 14, 2022.
             Mangled by a hornet (13 damage)
             ... on level 7 of the Dungeon.
             The game lasted 00:05:06 (4795 turns).

SnakkuSnakku7 the Protected (Minotaur Fighter)      Turns: 4795, Time: 00:05:07

Health: -11/81     AC:  9    Str: 23    XL:     9   Next: 91%
Magic:  8/8        EV: 10    Int:  5    God:
Gold:   362        SH:  9    Dex: 10    Spells: 8/8 levels left

rFire   . . .      SeeInvis .   a - +0 war axe
rCold   . . .      Faith    .   c - +0 buckler
rNeg    . . .      Spirit   .   q - +0 steam dragon scales
rPois   .          Reflect  +   (helmet restricted)
rElec   .          Harm     .   (no cloak)
rCorr   .          Rampage  .   i - +1 pair of gloves
Will    .....                   h - +0 pair of boots
Stlth   +.........              j - amulet of reflection
HPRegen 1.03/turn               (no ring)
MPRegen 0.11/turn               (no ring)

@: brilliant, lethally poisoned (-11 -> -14), slowed, unable to read, very slow
A: horns 2, retaliatory headbutt, deformed body, frail 1, regeneration 1, weak
1, inability to read while threatened
a: no special abilities


You were on level 7 of the Dungeon.
You visited 1 branch of the dungeon, and saw 7 of its levels.

You collected 362 gold pieces.

Inventory:

Hand Weapons
 a - a +0 war axe (weapon)
Missiles
 d - a throwing net (quivered)
Armour
 b - a +0 scale mail
 c - a +0 buckler (worn)
 h - a +0 pair of boots (worn)
 i - a +1 pair of gloves (worn)
 q - +0 steam dragon scales (worn)
Jewellery
 j - an amulet of reflection (around neck)
Wands
 r - a wand of mindburst (21)
 s - a wand of flame (14)
Scrolls
 e - a scroll of teleportation {unknown}
 f - 4 scrolls of identify {unknown}
 g - a scroll of immolation {unknown}
 k - 4 scrolls of noise {unknown}
 m - 2 scrolls of enchant armour {unknown}
 p - a scroll of amnesia {unknown}
Potions
 l - a potion of might
 o - a potion of ambrosia {unknown}


   Skills:
 + Level 11.6 Fighting
 + Level 11.3 Axes
 + Level 11.6 Armour
 - Level 3.6 Shields


You had 8 spell levels left.
You didn't know any spells.
Your spell library contained the following spells:

 Spells                   Type           Power      Damage    Failure   Level
 Pain                     Necr           0%         1d4       56%         1
 Static Discharge         Conj/Air       0%         N/A       71%         2
 Dazzling Flash           Conj/Hex       0%         N/A       91%         3
 Dispel Undead            Necr           0%         3d6       100%        4
 Sticky Flame             Conj/Fire      0%         2d3       100%        4
 Agony                    Necr           0%         N/A       100%        5
 Excruciating Wounds      Necr           0%         N/A       100%        5
 Silence                  Hex/Air        0%         N/A       100%        5


Dungeon Overview and Level Annotations

Branches:
Dungeon (7/15)
 Temple: D:4-7

Altars:
Makhleb
Xom

Shops:
D:2 [


Innate Abilities, Weirdness & Mutations

You have a pair of horns on your head.
You reflexively headbutt those who attack you in melee.
Armour fits poorly on your strangely shaped body.
You are frail. (-10% HP)
Your natural rate of healing is unusually fast.
You are weak. (Str -2)
You sometimes lose the ability to read scrolls when taking damage.


Message History

You feel very sick. The hornet stings you.
You feel yourself slow down.
Okay, then.
You closely miss the hornet. Your headbutt misses the hornet.
You feel very sick.
The hornet stings you but does no damage.
The hornet stings you.
* * * LOW HITPOINT WARNING * * *
You feel as though you will be slow longer.
You hit the hornet.
The hornet is lightly wounded.
You feel very sick. The hornet stings you.
* * * LOW HITPOINT WARNING * * *
You are lethally poisoned!
You feel as though you will be slow longer.
The hornet stings you.
* * * LOW HITPOINT WARNING * * *
You feel as though you will be slow longer.
The hornet stings you but does no damage.
Unknown command.
It was a potion of experience.
You feel more experienced!
Your Fighting skill gained 3 levels and is now at level 11!
Your Axes skill gained 3 levels and is now at level 11!
Your Armour skill gained 3 levels and is now at level 11!
You have reached level 9!
Your experience leads to an increase in your attributes!
Your base attributes are Str 23, Int 5, Dex 10.
Increase (S)trength, (I)ntelligence, or (D)exterity?
You feel stronger. x2
* * * LOW HITPOINT WARNING * * *
You feel very sick. You block the hornet's attack.
The hornet barely misses you.
It was a potion of brilliance.
You feel clever all of a sudden.
* * * LOW HITPOINT WARNING * * *
You feel very sick. The hornet stings you!
You die...

. #.......# ###.......#
..........# #
........###. .##
.....#..##... ...##
.....##.#.....#####....(#
......#.# #....sOZ..#
........# ....##y##.....#
........##. ###@# ...##
.........#####...# ###
...............###
...#....########
...#....# ..###.### ###
### ## .#


You could see a hornet, an ogre and a scorpion.

Vanquished Creatures
  Grinder (D:3)
  A steam dragon (D:6)
  Menkaure (D:6)
  A water moccasin (D:5)
  Duvessa (D:6)
  An orc warrior (D:6)
  A necrophage (D:5)
  2 ogres
  A kobold brigand (D:5)
  A bullfrog (D:4)
  A gnoll sergeant (D:7)
  Dowan (D:6)
  A centaur zombie (D:6)
  3 hounds
  3 jellies
  An orc priest (D:4)
  3 iguanas
  An orc wizard (D:6)
  A hound skeleton (D:4)
  12 adders
  7 gnolls
  A shadow imp (D:6)
  A white imp (D:7)
  2 ufetubi
  7 orcs
  5 ball pythons
  5 endoplasms
  2 giant cockroaches
  4 goblins
  3 hobgoblins
  5 jackals
  A quokka (D:2)
  6 bats
  4 frilled lizards
  9 kobolds
  4 rats
  A toadstool (D:2)
105 creatures vanquished.

Vanquished Creatures (others)
  2 fungi (D:2)
  2 toadstools (D:2)
4 creatures vanquished.

Grand Total: 109 creatures vanquished

Notes
Turn   | Place    | Note
-------+----------+-------------------------------------------
     0 | D:1      | SnakkuSnakku7 the Minotaur Fighter began the quest for the
                  | Orb.
     0 | D:1      | Reached XP level 1. HP: 19/19 MP: 0/0
   209 | D:1      | Reached XP level 2. HP: 24/27 MP: 1/1
   257 | D:1      | Found a faded altar of an unknown god.
   269 | D:1      | Prayed at the altar of an unknown god.
   269 | D:1      | Became a worshipper of The Xom-Meister, Xom-Xom-bo-Bom,
                  | Banana-Fana-fo-Fom
   270 | D:1      | Fell from the grace of Xom
   591 | D:2      | Reached XP level 3. HP: 31/33 MP: 2/2
   595 | D:2      | Identified the +2 leather armour of Grace {rElec rPois
                  | rCorr Str-2}
   608 | D:2      | Found Haimag's Antique Armour Shop.
   733 | D:2      | XOM: give mutations
   733 | D:2      | Gained mutation: You sometimes lose the ability to read
                  | scrolls when taking damage. [Xom's mischief]
   733 | D:2      | Gained mutation: You are weak. (Str -2) [Xom's mischief]
  1128 | D:3      | XOM: noise
  1148 | D:3      | Reached XP level 4. HP: 36/41 MP: 3/3
  1177 | D:3      | Noticed Grinder
  1199 | D:3      | Paralysed by Grinder for 4 turns
  1211 | D:3      | Killed Grinder
  1212 | D:3      | Reached skill level 5 in Fighting
  1212 | D:3      | Reached skill level 5 in Armour
  1212 | D:3      | Reached XP level 5. HP: 30/48 MP: 4/4
  1470 | D:3      | Reached XP level 6. HP: 56/56 MP: 5/5
  1778 | D:3      | XOM: scenery: create altars
  1879 | D:3      | Reached skill level 5 in Axes
  2332 | D:4      | XOM: 3-stop teleportation journey
  2596 | D:4      | XOM: summons 2 hostile shadow creatures
  2637 | D:4      | XOM: summons 1 hostile shadow creature
  2681 | D:4      | Found a burning altar of Makhleb.
  3025 | D:4      | Reached XP level 7. HP: 56/63 MP: 6/6
  3136 | D:4      | XOM: give mutations
  3136 | D:4      | Gained mutation: You are very weak. (Str -4) [Xom's
                  | mischief]
  3136 | D:4      | Gained mutation: Your natural rate of healing is unusually
                  | fast. [Xom's mischief]
  3136 | D:4      | Lost mutation: You are very weak. (Str -4) [Xom's mischief]
  3136 | D:4      | Gained mutation: You are frail. (-10% HP) [Xom's mischief]
  3143 | D:5      | Entered Level 5 of the Dungeon
  3909 | D:5      | XOM: give mutation
  3909 | D:5      | Gained mutation: Armour fits poorly on your strangely
                  | shaped body. [Xom's mischief]
  3966 | D:5      | Reached XP level 8. HP: 60/65 MP: 7/7
  4197 | D:6      | Noticed Menkaure
  4202 | D:6      | Killed Menkaure
  4234 | D:6      | Noticed Duvessa
  4234 | D:6      | Noticed Dowan
  4253 | D:6      | Killed Duvessa
  4254 | D:6      | Killed Dowan
  4779 | D:7      | XOM: torment (36/69 hp)
  4787 | D:7      | Noticed a hornet
  4790 | D:7      | Paralysed by a hornet for 1 turns
  4794 | D:7      | Reached XP level 9. HP: 9/81 MP: 8/8
  4794 | D:7      | HP: 4/81 [poisoned by a hornet]
  4795 | D:7      | Mangled by a hornet

Illustrated notes

Levels and vault maps discovered:
D:1:      dpeg_arrival_radiant, layout_basic, chequers_ecumenical_altar_simple,
          minmay_pentomino_o2
D:2:      layout_basic, serial_shops, shop, minmay_gold_behind_fungi,
          st_stairs_8, item_on_display_a
D:3:      layout_basic, serial_park_tiny_2, nrook_loot_triangle, uniq_grinder
D:4:      nicolae_cairo_tiling_large_dashed, layout_loops_corners,
          lemuel_coloured_pillars_altar
D:5:      layout_basic
D:6:      nicolae_cairo_tiling_very_big, layout_gridville, uniq_menkaure,
          uniq_duvessa
D:7:      minmay_octagon_keep, layout_cave_pools, minmay_temple_entry_waves

Skill      XL: |  1  2  3  4  5  6  7  8 |
---------------+-------------------------+-----
Armour         | 4 5 6 7 11 | 11.6
Fighting       | 4 5 6 7 11 | 11.6
Axes           | 3 4 5 6 11 | 11.3
Shields        | |  3.6

Action                   |  1- 3 |  4- 6 |  7- 9 || total
-------------------------+-------+-------+-------++-------
Melee: War axe           |    64 |   106 |   129 ||   299
       Headbutt          |     6 |    16 |    28 ||    50
Throw: Throwing net      |       |       |     2 ||     2
Invok: Renounce Religion |     1 |       |       ||     1
  Use: Potion            |       |     1 |     4 ||     5
 Stab: Held in net/web   |       |       |     3 ||     3
Armor: Scale mail        |    32 |    46 |    17 ||    95
       Steam dragon scal |       |       |    38 ||    38
Dodge: Dodged            |    32 |    41 |    54 ||   127
Block: Buckler           |    15 |    31 |    65 ||   111
       Reflection        |       |       |     4 ||     4
